AoeStats
← Skooll

Nomad

509584362Analyzed
4v4 RM · 4d ago on Sep 27, 2026· 36m 58s· 8 players
Game mode
Random Map
Map size
231×231
Population
200
Speed
Normal
Resources
Standard
Victory
Conquest
Starting age
Dark Age
Ending age
Imperial Age
RankedLock teamsTeams togetherTeam positionsShared explorationLock speedFull tech treeHidden civsTurbo modeCheats
Victory
Defeat
🇨🇳 Dravidians · China
1321
+14
🇨🇳 Japanese · China
1306
+15
🇹🇼 Varangians · Taiwan
1295
+15
🇫🇮 Huns · Finland
1258
+17
🇫🇷 Varangians · France
1420
-20
🇫🇷 Persians · France
1359
-18
🇫🇷 Vietnamese · France
1341
-18
🇫🇷 Saracens · France
984
-5
PiroNoSkill
4:34 Loom
13:03 Feudal Age
18:39 Castle Age
17:14 Forging
17:10 Scale Barding Armor
19:52 Chain Barding Armor
21:40 Medium Warships
26:32 Fishing Lines
28:57 Wheelbarrow
28:15 Horse Collar
28:21 Double-Bit Axe
28:58 Double-Bit Axe
36:08 Imperial Age
34:00 Gillnets
TP83C6
11:54 Loom
13:44 Feudal Age
15:36 Double-Bit Axe
17:43 Gold Mining
17:35 Horse Collar
18:43 Stone Mining
20:32 Fletching
20:46 Padded Archer Armor
26:43 Castle Age
27:48 Bow Saw
27:40 Heavy Plow
28:18 Wheelbarrow
27:04 Crossbowman
27:51 Thumb Ring
28:10 Bodkin Arrow
31:16 Leather Archer Armor
32:19 Ballistics
35:12 Hand Cart
lydrac
3:20 Loom
12:47 Feudal Age
14:19 Double-Bit Axe
19:32 Castle Age
18:58 Forging
19:06 Fletching
21:11 Forging
21:07 Scale Barding Armor
20:29 Pikeman
21:00 Horse Collar
23:57 Padded Archer Armor
31:48 Bloodlines
Skooll
14:58 Feudal Age
17:01 Loom
19:29 Castle Age
18:26 Wheelbarrow
18:25 Double-Bit Axe
18:35 Gold Mining
21:24 Crossbowman
22:46 Fletching
28:42 Bodkin Arrow
28:48 Padded Archer Armor
32:31 Leather Archer Armor
33:29 Ballistics
murphykz2322
4:44 Loom
14:22 Feudal Age
15:18 Double-Bit Axe
18:12 Castle Age
17:26 Forging
19:17 Bow Saw
25:34 Scale Barding Armor
29:04 Wheelbarrow
28:14 Town Watch
29:56 Chain Barding Armor
31:44 Fletching
34:29 Horse Collar
39:13 Imperial Age
37:06 Gold Mining
37:32 Husbandry
kim.henrik.himanen69
4:11 Loom
14:21 Feudal Age
15:01 Double-Bit Axe
17:49 Castle Age
17:39 Fletching
18:42 Bodkin Arrow
19:18 Husbandry
26:41 Thumb Ring
27:14 Ballistics
27:48 Bloodlines
31:50 Horse Collar
35:30 Scale Barding Armor
39:05 Imperial Age
S.T.A.R.S. Wesker
14:17 Feudal Age
18:08 Castle Age
15:56 Loom
18:01 Double-Bit Axe
19:59 Bow Saw
20:36 Horse Collar
22:47 Wheelbarrow
22:16 Heavy Plow
25:00 Gold Mining
25:02 Stone Mining
30:22 Imperial Age
28:01 Fletching
28:31 Padded Archer Armor
29:03 Bodkin Arrow
28:48 Elite Skirmisher
30:12 Leather Archer Armor
32:03 Chemistry
31:24 Ballistics
31:31 Bracer
34:36 Ring Archer Armor
介之谜
5:01 Loom
13:25 Feudal Age
17:52 Castle Age
16:28 Double-Bit Axe
20:54 Wheelbarrow
22:58 Stone Mining
26:09 Town Watch
27:16 Gold Mining
35:36 Scale Mail Armor
35:46 Forging
Connection lost

Rejoining the realm…

Still unreachable

The connection could not be restored.

Session expired

The server has moved on; the page needs a fresh start.